 Dungeon Crawl Stone Soup version 0.31-a0-187-gba352fbbf7 (webtiles) character file.

Game seed: 14680917222188779353

10084 qw the Markself (level 11, -1/67 HPs)
             Began as a Deep Elf Hunter on June 22, 2023.
             Was an Elder of Okawaru.
             Slain by a black mamba (10 damage)
             ... on level 1 of the Lair of Beasts.
             The game lasted 00:04:17 (7391 turns).

qw the Markself (Deep Elf Hunter)                   Turns: 7391, Time: 00:04:17

Health: -1/67      AC: 13    Str: 12    XL:     11   Next: 31%
Magic:  16/16      EV: 26    Int: 15    God:    Okawaru [****..]
Gold:   197        SH:  0    Dex: 18    Spells: 10/10 levels left

rFire   + . .        Y - +0 orcbow
rCold   + . .        (shield currently unavailable)
rNeg    + + .        t - +0 troll leather armour
rPois   +            c - +2 helmet of Quantum Leap {rN++ Regen+ SInv Stlth-}
rElec   .            s - scarf {rC+ rF+}
rCorr   .            l - +2 pair of gloves
SInv    +            i - +0 pair of boots
Will    +....        u - amulet of faith
Stlth   ++           q - +5 ring of evasion
HPRegen 1.91/turn    d - ring of poison resistance
MPRegen 0.15/turn

%: faith
@: lethally poisoned (-1 -> -1), about to teleport, heroic
A: no striking features
a: Renounce Religion, Heroism, Finesse


You were on level 1 of the Lair of Beasts.
You worshipped Okawaru.
Okawaru was greatly pleased with you.
You visited 3 branches of the dungeon, and saw 11 of its levels.
You also visited: Sewer.

You collected 481 gold pieces.
You spent 284 gold pieces at shops.


   Skills:
 - Level 7.0(12.0) Fighting
 - Level 16.0(21.0) Ranged Weapons
 - Level 3.0(8.0) Armour
 + Level 10.6(15.6) Dodging
 - Level 1.2(6.2) Stealth
 + Level 5.2 Invocations


You had 10 spell levels left.
You didn't know any spells.
Your spell library was empty.

Inventory:

Hand Weapons
 Y - a +0 orcbow (weapon)
Armour
 c - the +2 helmet of Quantum Leap (worn) {rN++ Regen+ SInv Stlth-}
   (You took it off Robin on level 2 of the Dungeon)

   rN:        It greatly protects you from negative energy.
   SInv:      It lets you see invisible.
   Regen:     It increases your rate of health regeneration.
   Stlth:     It makes you less stealthy.
 i - a +0 pair of boots (worn)
 l - a +2 pair of gloves (worn)
 o - a +0 cloak
 s - a scarf of resistance (worn)
 t - a +0 troll leather armour (worn)
Jewellery
 d - a ring of poison resistance (right hand)
 h - a ring of see invisible
 n - an amulet of the acrobat
 q - a +5 ring of evasion (left hand)
 u - an amulet of faith (around neck)
 v - a ring of willpower
Scrolls
 f - a scroll of identify
 j - 2 scrolls of teleportation
Potions
 a - 2 potions of cancellation
 b - a potion of enlightenment
 e - 4 potions of heal wounds
 g - a potion of haste
 k - 2 potions of curing
 m - a potion of magic
 p - a potion of mutation
 r - a potion of might

Dungeon Overview and Level Annotations

Branches:
Dungeon (9/15)             Temple (1/1) D:5            Lair (1/5) D:9
  Sewer (visited)
    Orc: D:9-12

Altars:
Ashenzari
Cheibriados
Dithmenos
Elyvilon
Fedhas
Gozag
Hepliaklqana
Kikubaaqudgha
Makhleb
Nemelex Xobeh
Okawaru
Qazlal
Ru
Sif Muna
Trog
Uskayaw
Wu Jian
Xom
Yredelemnul
Zin
The Shining One

Shops:
D:6 *

Annotations:
D:8 exclusion: wight


Message History

The yak is almost dead.
The wyvern completely misses you.
You shoot an arrow. The arrow closely misses the yak.
The black mamba closely misses you. The yak gores you.
The yak closely misses you. The yak gores you but does no damage.
The wyvern misses you. The black mamba completely misses you.
You shoot an arrow. The arrow barely misses the yak.
The wyvern completely misses you. The yak completely misses you.
A yak comes into view.
The yak gores you but does no damage. The yak gores you!
The black mamba completely misses you.
You shoot an arrow. The arrow barely misses the yak.
The black mamba bites you.
You are poisoned.
The black mamba poisons you! The wyvern barely misses you.
You shoot an arrow. The arrow hits the yak!
You kill the yak!
Okawaru accepts your kill.
You feel very sick. The black mamba closely misses you. The yak misses you.
The wyvern closely misses you.
You shoot an arrow. The arrow hits the yak!
The yak is heavily wounded.
You feel sick. The black mamba completely misses you.
The wyvern completely misses you. The yak gores you.
You shoot an arrow.
The arrow hits the yak but does no damage.
The yak is heavily wounded.
You feel very sick. The black mamba completely misses you.
The wyvern misses you. The black mamba bites you. The yak closely misses you.
The yak completely misses you. x2
You shoot an arrow. The arrow hits the yak!
The yak is almost dead.
You feel sick. The wyvern misses you. The black mamba bites you!
7391 ||| READING 3 scrolls of teleportation.
As you read the scroll of teleportation, it crumbles to dust.
You feel strangely unstable.
You feel sick. The black mamba bites you!
You die...

#.:...# ...
#....?# ...
#.....# ..
#.....#..
#.....#.
#.....Y
###...YY###.#.#
......Y@%....).
......lSY......
...............
.....=.........
...............
...............
.........######
.#......##


You could see a black mamba, 5 yaks and a wyvern.

Vanquished Creatures
  Erolcha (D:9)
  A two-headed ogre (D:9)
  4 elephants (Lair:1)
  3 cane toads (Lair:1)
  A gargoyle (D:9)
  2 hornets
  A troll (D:6)
  Grinder (D:5)
  7 yaks (Lair:1)
  2 steam dragons
  3 wargs
  An acid dragon (D:9)
  Menkaure (D:7)
  3 water moccasins
  3 sky beasts
  A black bear (D:6)
  An orc warrior (D:7)
  A wolf (Lair:1)
  A centaur (D:5)
  3 bullfrogs
  7 kobold brigands
  A scorpion (D:6)
  9 wights
  9 killer bees (D:7)
  5 hounds
  5 orc priests
  5 jellies
  A gnoll bouda (D:7)
  2 sleepcaps
  Jessica (D:3)
  8 orc wizards
  An iguana (D:6)
  Robin (D:2)
  8 gnolls
  8 adders
  8 river rats
  A white imp (D:5)
  An ufetubus (D:5)
  A worm (D:3)
  4 dart slugs
  22 orcs
  5 bats
  5 endoplasms
  4 giant cockroaches
  9 hobgoblins
  3 jackals (D:3)
  34 kobolds
  5 quokkas
  16 ball pythons
  2 frilled lizards
  13 goblins
  24 rats
  A spectral kobold (D:8)
270 creatures vanquished.

Vanquished Creatures (others)
  A bullfrog (D:7)
1 creature vanquished.

Grand Total: 271 creatures vanquished

Notes
Turn   | Place    | Note
-------+----------+-------------------------------------------
     0 | D:1      | qw the Deep Elf Hunter began the quest for the Orb.
     0 | D:1      | Reached XP level 1. HP: 12/12 MP: 3/3
     0 | D:1      | 0 ||| qw: Version: 0.3-a-9-g12657ce
     0 | D:1      | 0 ||| qw: Game counter: 2251
     0 | D:1      | 0 ||| qw: Always use a shield: true
     0 | D:1      | 0 ||| qw: God list: Okawaru
     0 | D:1      | 0 ||| qw: Allow faded altars: false
     0 | D:1      | 0 ||| qw: Do Orc after D:15 true
     0 | D:1      | 0 ||| qw: Do second Lair branch before Depths: true
     0 | D:1      | 0 ||| qw: Lair rune preference: random
     0 | D:1      | 0 ||| qw: Plans: Normal
     0 | D:1      | 0 ||| PLANNING D:1-11
   139 | D:1      | Reached skill level 6 in Ranged Weapons
   139 | D:1      | Reached XP level 2. HP: 16/16 MP: 4/4
   574 | D:1      | Found a faded altar of an unknown god.
   585 | D:1      | 585 ||| READING scroll labelled COCOTO GIGRYDOMA.
   586 | D:1      | 586 ||| DROPPING scroll of butterflies.
   678 | D:2      | Reached XP level 3. HP: 8/20 MP: 5/5
   680 | D:2      | HP: 5/20 [poisoned by an adder]
   797 | D:2      | Identified the +2 helmet of Quantum Leap {rN++ Regen+ SInv
                  | Stlth-}
   797 | D:2      | Noticed Robin
   802 | D:2      | 802 ||| FLEEEEING.
   803 | D:2      | 803 ||| FLEEEEING.
   804 | D:2      | 804 ||| FLEEEEING.
   815 | D:2      | 815 ||| FLEEEEING.
   816 | D:2      | 816 ||| FLEEEEING.
   822 | D:2      | Reached skill level 7 in Ranged Weapons
   827 | D:2      | Killed Robin
   828 | D:2      | 828 ||| FLEEEEING.
   829 | D:2      | 829 ||| FLEEEEING.
   834 | D:2      | 834 ||| FLEEEEING.
   835 | D:2      | 835 ||| FLEEEEING.
   842 | D:2      | 842 ||| FLEEEEING.
   844 | D:2      | 844 ||| FLEEEEING.
   845 | D:2      | 845 ||| FLEEEEING.
   846 | D:2      | 846 ||| FLEEEEING.
   847 | D:2      | 847 ||| FLEEEEING.
   848 | D:2      | 848 ||| FLEEEEING.
   850 | D:2      | 850 ||| FLEEEEING.
   851 | D:2      | 851 ||| FLEEEEING.
   852 | D:2      | 852 ||| FLEEEEING.
   853 | D:2      | 853 ||| FLEEEEING.
   854 | D:2      | 854 ||| FLEEEEING.
   855 | D:2      | 855 ||| STAIRDANCE
   871 | D:1      | 871 ||| READING scroll labelled FARITA YMIQOISOSSA.
   885 | D:2      | 885 ||| FLEEEEING.
   886 | D:2      | 886 ||| Stepping ~*~*~tactically~*~*~ (outnumbered).
   890 | D:2      | Reached XP level 4. HP: 20/25 MP: 6/6
   911 | D:2      | 911 ||| FLEEEEING.
   912 | D:2      | 912 ||| FLEEEEING.
   913 | D:2      | 913 ||| STAIRDANCE
   957 | D:1      | 957 ||| UPGRADING to +0 ring mail.
   967 | D:1      | 967 ||| DROPPING +0 leather armour.
   977 | D:2      | HP: 5/25 [orc/+0 hand axe (5)]
   978 | D:2      | Reached skill level 8 in Ranged Weapons
   978 | D:2      | HP: 2/25 [orc/+0 hand axe (3)]
  1061 | D:2      | 1061 ||| FLEEEEING.
  1062 | D:2      | 1062 ||| STAIRDANCE
  1234 | D:2      | HP: 6/25 [poisoned by an adder]
  1567 | D:2      | Reached XP level 5. HP: 29/29 MP: 7/7
  1767 | D:2      | 1767 ||| UPGRADING to +2 helmet of Quantum Leap {rN++
                  | Regen+ SInv Stlth-}.
  1772 | D:2      | 1772 ||| READING scroll labelled HEOTUV UXKE.
  1777 | D:2      | 1777 ||| READING scroll labelled YNYOM LAVOW.
  1777 | D:2      | Identified a scroll of acquirement
  1777 | D:2      | 1777 ||| ACQUIRING +1 shortbow of draining
  1777 | D:2      | Acquired a +1 shortbow of draining
  1779 | D:2      | 1779 ||| SWAPPING to +1 shortbow of draining.
  1780 | D:2      | 1780 ||| DROPPING +0 shortbow.
  1790 | D:3      | 1790 ||| PLANNING SEWER
  2104 | D:3      | Noticed Jessica
  2106 | D:3      | Killed Jessica
  2210 | D:3      | Found a snail-covered altar of Cheibriados.
  2250 | D:3      | Reached skill level 9 in Ranged Weapons
  2279 | D:3      | Found a glowing drain.
  2280 | D:3      | 2280 ||| Stepping ~*~*~tactically~*~*~ (water).
  2283 | D:3      | 2283 ||| UPGRADING to +0 pair of boots.
  2288 | D:3      | 2288 ||| UPGRADING to +0 pair of gloves.
  2293 | D:3      | 2293 ||| READING 2 scrolls labelled YSKADD TIXZE.
  2294 | D:3      | 2294 ||| READING scroll labelled QIWEFU UTEAC.
  2300 | Sewer    | Entered a sewer
  2365 | Sewer    | Reached skill level 1 in Armour
  2365 | Sewer    | Reached XP level 6. HP: 28/35 MP: 8/8
  2490 | Sewer    | 2490 ||| Stepping ~*~*~tactically~*~*~ (water).
  2505 | Sewer    | 2505 ||| Stepping ~*~*~tactically~*~*~ (water).
  2553 | Sewer    | 2553 ||| Stepping ~*~*~tactically~*~*~ (outnumbered).
  2554 | Sewer    | 2554 ||| Stepping ~*~*~tactically~*~*~ (outnumbered).
  2560 | Sewer    | Reached skill level 10 in Ranged Weapons
  2570 | Sewer    | Reached skill level 3 in Dodging
  2570 | Sewer    | Reached XP level 7. HP: 25/40 MP: 9/9
  2779 | Sewer    | 2779 ||| DRINKING 3 fuming red potions.
  2780 | Sewer    | 2780 ||| DRINKING 3 fizzy ruby potions.
  2781 | Sewer    | 2781 ||| DRINKING 2 fizzy emerald potions.
  2782 | Sewer    | 2782 ||| DRINKING 2 orange potions.
  2783 | Sewer    | 2783 ||| DROPPING potion of invisibility.
  2809 | D:3      | 2809 ||| PLANNING D:1-11
  3134 | D:4      | Found a blossoming altar of Fedhas.
  3144 | D:4      | Identified the +8 plate armour of the Gastropod {*Corrode
                  | rC+ Dex+3}
  3363 | D:4      | Found a sacrificial altar of Ru.
  3372 | D:4      | Reached skill level 11 in Ranged Weapons
  3517 | D:4      | 3517 ||| UPGRADING to +0 cloak.
  3522 | D:4      | 3522 ||| DROPPING ring of magical power.
  3523 | D:4      | 3523 ||| UPGRADING to +5 ring of evasion.
  3524 | D:4      | 3524 ||| READING scroll labelled KOAPIDDO YSMA.
  3525 | D:4      | 3525 ||| DRINKING 2 yellow potions.
  3526 | D:4      | 3526 ||| READING 2 scrolls of identify.
  3526 | D:4      | 3526 ||| IDENTIFYING glowing brown potion
  3527 | D:4      | 3527 ||| DROPPING potion of degeneration.
  3539 | D:5      | Entered Level 5 of the Dungeon
  3555 | D:5      | Found a staircase to the Ecumenical Temple.
  3556 | D:5      | 3556 ||| PLANNING TEMPLE
  3566 | Temple   | Entered the Ecumenical Temple
  3567 | Temple   | 3567 ||| PLANNING OKAWARU WORSHIP
  3586 | Temple   | Became a worshipper of Warmaster Okawaru
  3587 | Temple   | 3587 ||| PLANNING D:1-11
  3682 | D:5      | Noticed Grinder
  3701 | D:5      | Killed Grinder
  3701 | D:5      | Reached * piety under Okawaru
  3702 | D:5      | Reached skill level 12 in Ranged Weapons
  3702 | D:5      | 3702 ||| INVOKING Heroism.
  3706 | D:5      | Reached XP level 8. HP: 44/44 MP: 7/10
  3774 | D:5      | Reached skill level 3 in Fighting
  3774 | D:5      | Reached skill level 1 in Invocations
  3789 | D:5      | 3789 ||| SWAPPING to +0 orcbow.
  3790 | D:5      | 3790 ||| DROPPING +2 shortbow of draining.
  3981 | D:5      | 3981 ||| INVOKING Heroism.
  4066 | D:5      | 4066 ||| READING scroll labelled XUAVVI YJISABB.
  4082 | D:5      | 4082 ||| READING 2 scrolls labelled YXAKUR LIONA.
  4083 | D:5      | 4083 ||| READING 2 scrolls of identify.
  4083 | D:5      | 4083 ||| IDENTIFYING glowing coppery potion
  4084 | D:5      | 4084 ||| DROPPING scroll of noise.
  4352 | D:6      | Found Epeluapt's General Store.
  4387 | D:6      | 4387 ||| BUYING potion of might (60 gold).
  4387 | D:6      | Bought a potion of might for 60 gold pieces
  4387 | D:6      | 4387 ||| BUYING scroll of enchant armour (112 gold).
  4387 | D:6      | Bought a scroll of enchant armour for 112 gold pieces
  4387 | D:6      | 4387 ||| BUYING scroll of enchant armour (112 gold).
  4387 | D:6      | Bought a scroll of enchant armour for 112 gold pieces
  4387 | D:6      | 4387 ||| READING 2 scrolls of enchant armour.
  4387 | D:6      | 4387 ||| ENCHANTING +0 pair of gloves.
  4388 | D:6      | 4388 ||| READING scroll of enchant armour.
  4388 | D:6      | 4388 ||| ENCHANTING +1 pair of gloves.
  4485 | D:6      | Reached skill level 3 in Invocations
  4517 | D:6      | 4517 ||| INVOKING Heroism.
  4520 | D:6      | Reached skill level 13 in Ranged Weapons
  4654 | D:6      | Noticed a troll
  4655 | D:6      | 4655 ||| INVOKING Heroism.
  4662 | D:6      | Killed a troll
  4663 | D:6      | Reached XP level 9. HP: 21/50 MP: 11/14
  4826 | D:6      | 4826 ||| INVOKING Heroism.
  4897 | D:6      | 4897 ||| UPGRADING to +0 troll leather armour.
  4907 | D:6      | 4907 ||| DROPPING +0 ring mail.
  4908 | D:6      | 4908 ||| UPGRADING to amulet of the acrobat.
  4913 | D:6      | 4913 ||| READING scroll labelled MUH SUITUOSA.
  4914 | D:6      | 4914 ||| READING 2 scrolls of identify.
  4914 | D:6      | 4914 ||| IDENTIFYING bubbling amethyst potion
  4915 | D:6      | 4915 ||| DROPPING potion of lignification.
  4957 | D:7      | 4957 ||| INVOKING Heroism.
  4958 | D:7      | 4958 ||| Stepping ~*~*~tactically~*~*~ (cloud).
  4963 | D:7      | 4963 ||| Stepping ~*~*~tactically~*~*~ (cloud).
  5011 | D:7      | 5011 ||| INVOKING Heroism.
  5024 | D:7      | Reached skill level 14 in Ranged Weapons
  5175 | D:7      | Reached skill level 6 in Dodging
  5192 | D:7      | 5192 ||| INVOKING Heroism.
  5253 | D:7      | 5253 ||| INVOKING Heroism.
  5316 | D:7      | Noticed Menkaure
  5317 | D:7      | 5317 ||| INVOKING Heroism.
  5323 | D:7      | Killed Menkaure
  5324 | D:7      | Reached skill level 15 in Ranged Weapons
  5550 | D:7      | 5550 ||| INVOKING Heroism.
  5580 | D:7      | 5580 ||| INVOKING Heroism.
  5685 | D:7      | 5685 ||| READING 2 scrolls of identify.
  5685 | D:7      | 5685 ||| IDENTIFYING fuming orange potion
  5956 | D:8      | 5956 ||| INVOKING Heroism.
  5957 | D:8      | 5957 ||| UPGRADING to ring of poison resistance.
  5959 | D:8      | 5959 ||| FLEEEEING.
  6010 | D:8      | Found a hazy altar of Hepliaklqana.
  6141 | D:8      | Found a hide-covered altar of Uskayaw.
  6162 | D:8      | Reached skill level 16 in Ranged Weapons
  6162 | D:8      | Reached XP level 10. HP: 55/56 MP: 15/15
  6311 | D:8      | 6311 ||| INVOKING Heroism.
  6312 | D:8      | 6312 ||| Stepping ~*~*~tactically~*~*~ (cloud).
  6314 | D:8      | 6314 ||| Stepping ~*~*~tactically~*~*~ (cloud).
  6350 | D:8      | 6350 ||| READING scroll labelled HIZXIBAEHO.
  6351 | D:8      | 6351 ||| READING 2 scrolls labelled RAMUFI AGIPH.
  6352 | D:8      | 6352 ||| DROPPING scroll of revelation.
  6403 | D:9      | 6403 ||| STAIRDANCE
  6457 | D:9      | Noticed Erolcha
  6458 | D:9      | 6458 ||| INVOKING Heroism.
  6470 | D:9      | 6470 ||| DRINKING 3 potions of curing.
  6470 | D:9      | 6470 ||| (to cure confusion)
  6477 | D:9      | Killed Erolcha
  6477 | D:9      | Reached ** piety under Okawaru
  6574 | D:9      | Noticed a two-headed ogre
  6575 | D:9      | 6575 ||| INVOKING Heroism.
  6582 | D:9      | Killed a two-headed ogre
  6669 | D:9      | Noticed a gargoyle
  6688 | D:9      | Killed a gargoyle
  6689 | D:9      | Reached skill level 9 in Dodging
  6700 | D:9      | 6700 ||| FLEEEEING.
  6849 | D:9      | Found a staircase to the Lair.
  6916 | D:9      | Found a white marble altar of Elyvilon.
  7008 | D:9      | 7008 ||| PLANNING LAIR
  7008 | D:9      | 7008 ||| UPGRADING to scarf of resistance.
  7018 | D:9      | 7018 ||| UPGRADING to amulet of faith.
  7028 | D:9      | 7028 ||| READING 2 scrolls of identify.
  7028 | D:9      | 7028 ||| IDENTIFYING silvery potion
  7072 | Lair:1   | Entered Level 1 of the Lair of Beasts
  7084 | Lair:1   | Noticed a cane toad
  7085 | Lair:1   | 7085 ||| INVOKING Heroism.
  7097 | Lair:1   | Killed a cane toad
  7098 | Lair:1   | Reached skill level 6 in Fighting
  7099 | Lair:1   | Reached *** piety under Okawaru
  7130 | Lair:1   | Noticed a cane toad
  7131 | Lair:1   | 7131 ||| INVOKING Heroism.
  7139 | Lair:1   | Killed a cane toad
  7241 | Lair:1   | Reached skill level 3 in Armour
  7260 | Lair:1   | Noticed a cane toad
  7261 | Lair:1   | 7261 ||| INVOKING Heroism.
  7264 | Lair:1   | Reached XP level 11. HP: 64/64 MP: 13/16
  7317 | Lair:1   | Reached **** piety under Okawaru
  7326 | Lair:1   | 7326 ||| INVOKING Heroism.
  7360 | Lair:1   | 7360 ||| INVOKING Heroism.
  7369 | Lair:1   | HP: 15/67 [yak (11)]
  7370 | Lair:1   | 7370 ||| READING 4 scrolls of teleportation.
  7371 | Lair:1   | 7371 ||| DRINKING 5 potions of heal wounds.
  7390 | Lair:1   | HP: 10/67 [black mamba (11)]
  7391 | Lair:1   | 7391 ||| READING 3 scrolls of teleportation.
  7391 | Lair:1   | Slain by a black mamba

Levels and vault maps discovered:
D:1:      scummos_arrival_checkerplants, layout_basic,
          hellmonk_ecumenical_altar_heavens_door
D:2:      cheibrodos_pilgrimage, layout_basic, uniq_robin
D:3:      layout_basic, lemuel_round_altar, portal_sewer_entry_e, uniq_jessica
D:4:      layout_rooms, mainiacjoe_overflow_alcove_1,
          nicolae_ru_great_annihilating_truth
D:5:      layout_cave_pools, minmay_temple_entry_junction, sigmund_army,
          uniq_grinder
D:6:      layout_loops_ring, serial_shops, shop
D:7:      layout_loops_ring, uniq_menkaure
D:8:      layout_loops_ring, mainiacjoe_overflow_cross_hatched,
          nicolae_hepliaklqana_monster_ancestors
D:9:      layout_cave_pools, elyvilon_altar_1, erik_lair_orcish_takeover,
          uniq_erolcha
Temple:   minmay_freezing_vapour_temple
Lair:1:   layout_regular_city, grunt_megastairs_3

Skill      XL: |  1  2  3  4  5  6  7  8  9 10 11 |
---------------+----------------------------------+-----
Ranged Weapons | 6 7 8 9 10 12 13 16 | 16.0
Fighting       | 2 3 4 6 7 |  7.0
Armour         | 1 2 3 |  3.0
Dodging        | 3 4 6 10 | 10.6
Invocations    | 4 5 |  5.2
Stealth        | |  1.2

Action                     |  1- 3 |  4- 6 |  7- 9 | 10-12 || total
---------------------------+-------+-------+-------+-------++-------
   Fire: Shortbow          |    98 |   220 |   134 |       ||   452
         Orcbow            |       |       |   357 |   288 ||   645
 Invoke: Heroism           |       |       |    13 |     8 ||    21
    Use: Scroll            |     2 |     4 |    10 |     5 ||    21
         Potion            |       |       |     5 |     2 ||     7
 Armour: Leather armour    |     8 |       |       |       ||     8
         Ring mail         |       |    40 |    37 |       ||    77
         Troll leather arm |       |       |    42 |    54 ||    96
  Dodge: Dodged            |    26 |    62 |   292 |   341 ||   721

Table legend:
 A = Non-vault XP
 B = Vault XP
 C = Vault XP percentage of total XP
 D = Non-vault monster count
 E = Vault monster count
 F = Vault count percentage of total count
                 A         B        C        D         E       F
            +---------+---------+-------+---------+---------+-------
      Total |    8962 |    5444 |  37.8 |     165 |     106 |  39.1
            +---------+---------+-------+---------+---------+-------
        D:1 |      31 |       0 |   0.0 |      19 |       0 |   0.0
        D:2 |      42 |     124 |  74.7 |      11 |      17 |  60.7
        D:3 |      45 |      71 |  61.2 |      16 |       9 |  36.0
        D:4 |      22 |      40 |  64.5 |      10 |       4 |  28.6
        D:5 |     406 |     310 |  43.3 |      15 |       3 |  16.7
        D:6 |    1318 |       0 |   0.0 |      15 |       0 |   0.0
        D:7 |    1874 |     154 |   7.6 |      37 |       1 |   2.6
        D:8 |     704 |     246 |  25.9 |      11 |       6 |  35.3
        D:9 |    2042 |    1255 |  38.1 |      20 |       5 |  20.0
     Lair:1 |    2478 |    2584 |  51.0 |      11 |       7 |  38.9
      Sewer |       0 |     660 | 100.0 |       0 |      54 | 100.0
            +---------+---------+-------+---------+---------+-------
